 Dungeon Crawl Stone Soup version 0.29.1-1-gd02db6906a (webtiles) character file.

Game seed: 1571433778157136834

36 FollowTheCloud the Gusty (level 3, -2/25 HPs)
             Began as a Gnoll Air Elementalist on Oct 20, 2022.
             Slain by Terence
             ... wielding a +0 short sword
              (4 damage)
             ... on level 1 of the Dungeon on Oct 21, 2022.
             The game lasted 00:05:01 (1691 turns).

FollowTheCloud the Gusty (Gnoll Air Elementalist)   Turns: 1691, Time: 00:05:02

Health: -2/25      AC:  2    Str:  7    XL:     3   Next: 37%
Magic:  9/9        EV: 13    Int: 16    God:
Gold:   66         SH:  0    Dex: 12    Spells: 9/12 levels left

rFire   . . .      SeeInvis .   n - +0 dagger
rCold   . . .      Faith    .   (no shield)
rNeg    . . .      Spirit   .   a - +0 robe
rPois   .          Reflect  .   (no helmet)
rElec   .          Harm     .   d - scarf {repulsion}
rCorr   .          Rampage  .   (no gloves)
Will    .....                   (no boots)
Stlth   ++........              (no amulet)
HPRegen 0.08/turn               (no ring)
MPRegen 0.11/turn               (no ring)

@: repel missiles
A: fangs 1, strong nose, distributed training
a: no special abilities


You were on level 1 of the Dungeon.
You visited 1 branch of the dungeon, and saw 2 of its levels.

You collected 66 gold pieces.

Inventory:

Hand Weapons
 n - a +0 dagger (weapon)
Missiles
 m - 4 javelins
Armour
 a - a +0 robe (worn)
 d - a scarf of repulsion (worn)
 j - a +0 plate armour
Scrolls
 c - a scroll of fog {unknown}
 e - 2 scrolls of identify {unknown}
 g - a scroll of enchant armour {unknown}
 i - 2 scrolls of teleportation {unknown}
Potions
 b - a potion of magic
 f - a potion of invisibility {unknown}
 h - a potion of resistance {unknown}
 k - 2 potions of haste {unknown}
 l - 2 potions of curing {unknown}


   Skills:
 + Level 0.8 Fighting
 + Level 0.8 Short Blades
 + Level 0.8 Long Blades
 + Level 0.8 Axes
 + Level 0.8 Maces & Flails
 + Level 0.8 Polearms
 + Level 0.8 Staves
 + Level 0.8 Ranged Weapons
 + Level 0.8 Throwing
 + Level 0.8 Armour
 + Level 4.5 Dodging
 + Level 4.1 Stealth
 + Level 0.8 Shields
 + Level 0.8 Unarmed Combat
 + Level 5.0 Spellcasting
 + Level 2.1 Conjurations
 + Level 0.5 Hexes
 + Level 0.5 Summonings
 + Level 0.5 Necromancy
 + Level 0.5 Translocations
 + Level 0.5 Transmutations
 + Level 0.5 Fire Magic
 + Level 0.5 Ice Magic
 + Level 5.4 Air Magic
 + Level 0.5 Earth Magic
 + Level 0.5 Poison Magic
 + Level 1.0 Invocations
 + Level 0.8 Evocations


You had 9 spell levels left.
You knew the following spells:

 Your Spells              Type           Power      Damage    Failure   Level
a - Shock                 Conj/Air       64%        1d7       3%          1
b - Static Discharge      Conj/Air       16%        3-5/arc   4%          2

Your spell library contained the following spells:

 Spells                   Type           Power      Damage    Failure   Level
 Swiftness                Air            21%        N/A       4%          3
 Airstrike                Air            10%        2d(2-18)  16%         4


Dungeon Overview and Level Annotations

Branches:
Dungeon (2/15)

Altars:

Annotations:
D:1 Terence


Innate Abilities, Weirdness & Mutations

You have very sharp teeth.
Your uncanny sense of smell can sniff out nearby items.
Your experience applies equally to all skills.


Message History

Aiming: Shock (safe; 3% risk of failure)
Press: ? - help, Shift-Dir - straight line The zap hits Terence but does no damage.
Terence is moderately wounded.
Terence shouts, "ATTACK!!!"
There is a stone staircase leading up here.
Your magical contamination has completely faded away.
You climb upwards.
There is a stone staircase leading down here.
You climb downwards.
Level annotation: Terence Terence hits you with a +0 short sword.
Terence closely misses you.
There is a stone staircase leading up here.
Terence hits you with a +0 short sword.
You climb upwards.
There is a stone staircase leading down here.
Terence attacks as you move away! Terence completely misses you.
Terence attacks as you move away! Terence barely misses you.
Terence attacks as you move away! Terence hits you but does no damage.
You enter the shallow water.
Moving in this stuff is going to be slow.
You enter the shallow water.
Moving in this stuff is going to be slow.
Terence attacks as you move away! Terence hits you with a +0 short sword.
You see here a +0 whip.
Terence attacks as you move away! Terence hits you with a +0 short sword!
Terence says, "Rest in peace."
Terence attacks as you move away! Terence closely misses you.
Terence attacks as you move away! Terence barely misses you.
Terence attacks as you move away! Terence hits you with a +0 short sword.
Terence attacks as you move away! Terence barely misses you.
Terence asks, "Do you want it fast or slow?"
You see here a +0 ring mail.
Terence attacks as you move away! Terence barely misses you.
Terence attacks as you move away! Terence hits you with a +0 short sword.
* * * LOW HITPOINT WARNING * * *
Terence attacks as you move away! Terence hits you with a +0 short sword.
* * * LOW HITPOINT WARNING * * *
Terence attacks as you move away! Terence hits you with a +0 short sword.
You die...

#.........##'##~~~P.....~.~~P
#.........##..#~♣~....)..P~P~
##........###..~~~P.....P~♣P~
#........# ###P~≈~P..#..~~.~
########.# #.P~~P~.#~~~~P#
#[# #~~♣♣PPP.P~♣PP# #.#
#P~♣♣~PPPP♣P.##
#.######~~♣♣♣P♣♣~..#
#..@@.##.P~♣♣♣~~~.##
#####.###~P♣♣♣~~.~#
#..##.P~~≈≈~~##
##...PPP~~~PP# ##...P.P~P.P#
###.#PP.~P.# #........#
##########


You could see Terence.

Vanquished Creatures
  4 ball pythons (D:1)
  5 giant cockroaches
  7 goblins
  3 hobgoblins (D:1)
  A quokka (D:1)
  6 bats
  2 frilled lizards (D:1)
  5 rats (D:1)
33 creatures vanquished.

Vanquished Creatures (others)
  5 plants (D:1)
5 creatures vanquished.

Grand Total: 38 creatures vanquished

Notes
Turn   | Place    | Note
-------+----------+-------------------------------------------
     0 | D:1      | FollowTheCloud the Gnoll Air Elementalist began the quest
                  | for the Orb.
     0 | D:1      | Reached XP level 1. HP: 13/13 MP: 6/6
   219 | D:1      | Found a faded altar of an unknown god.
   277 | D:1      | Reached XP level 2. HP: 7/19 MP: 3/7
   587 | D:1      | Learned a level 2 spell: Static Discharge
   818 | D:1      | Reached skill level 5 in Spellcasting
   818 | D:1      | Reached XP level 3. HP: 25/25 MP: 5/9
  1369 | D:2      | Reached skill level 1 in Invocations
  1572 | D:2      | Noticed Terence
  1691 | D:1      | Slain by Terence

Illustrated notes

Levels and vault maps discovered:
D:1:      erik_arrival_blinker_ship, layout_basic,
          shapermc_ecumenical_altar_hornbeckon, serial_bayou_lagoon_a
D:2:      layout_basic, basic_altar, serial_forest,
          infiniplex_forest_clump_cross, infiniplex_forest_end_double,
          infiniplex_forest_lined_corner, infiniplex_forest_join, st_stairs_10,
          uniq_terence

Skill      XL: |  1  2  3 |
---------------+----------+-----
Conjurations   | 2 |  2.1
Spellcasting   | 5 |  5.0
Invocations    | 1 |  1.0
Fighting       | |  0.8
Short Blades   | |  0.8
Long Blades    | |  0.8
Axes           | |  0.8
Maces & Flails | |  0.8
Polearms       | |  0.8
Staves         | |  0.8
Ranged Weapons | |  0.8
Throwing       | |  0.8
Armour         | |  0.8
Dodging        | |  4.5
Stealth        | |  4.1
Shields        | |  0.8
Unarmed Combat | |  0.8
Hexes          | |  0.5
Summonings     | |  0.5
Necromancy     | |  0.5
Translocations | |  0.5
Transmutations | |  0.5
Fire Magic     | |  0.5
Ice Magic      | |  0.5
Air Magic      | |  5.4
Earth Magic    | |  0.5
Poison Magic   | |  0.5
Evocations     | |  0.8

Action                   || total
-------------------------++-------
 Cast: Shock             ||    64
Armor: Robe              ||     4
Dodge: Dodged            ||    18
